 Dungeon Crawl Stone Soup version 0.31-a0-1-g4198be8af4 (webtiles) character file.

Game seed: 16545462343287671041

441 DavidChitty2 the Chopper (level 6, -10/55 HPs)
             Began as a Minotaur Fighter on Apr 30, 2023.
             Was a Believer of Nemelex Xobeh.
             Mangled by an ogre
             ... wielding a +0 giant club
              (21 damage)
             ... on level 5 of the Dungeon.
             The game lasted 00:06:48 (2500 turns).

DavidChitty2 the Chopper (Minotaur Fighter)         Turns: 2500, Time: 00:06:49

Health: -10/55     AC: 11    Str: 23    XL:     6   Next: 71%
Magic:  6/6        EV:  8    Int:  5    God:    Nemelex Xobeh [**....]
Gold:   230        SH:  4    Dex:  9    Spells: 5/5 levels left

rFire   . . .        a - +0 war axe
rCold   . . .        c - +0 buckler
rNeg    . . .        g - +0 chain mail
rPois   .            (helmet restricted)
rElec   .            (no cloak)
rCorr   .            (no gloves)
SInv    .            s - +0 pair of boots of Virtue {Slay+6}
Will    .....        k - amulet of the acrobat Stlth
                     (no ring)
HPRegen 0.29/turn    (no ring)
MPRegen 0.10/turn

%: acrobat
@: no status effects
A: horns 2, retaliatory headbutt
a: Renounce Religion, Draw Escape, Draw Destruction, Draw Summoning


You were on level 5 of the Dungeon.
You worshipped Nemelex Xobeh.
Nemelex Xobeh was pleased with you.
You visited 1 branch of the dungeon, and saw 5 of its levels.

You collected 230 gold pieces.

Inventory:

Hand Weapons
 a - a +0 war axe (weapon)
Armour
 c - a +0 buckler (worn)
 g - a +0 chain mail (worn)
   (You found it on level 1 of the Dungeon)
 s - the +0 pair of boots of Virtue (worn) {Slay+6}
   (You acquired it on level 4 of the Dungeon)

   Slay:      It affects your accuracy & damage with ranged weapons and melee
   (+6).
Jewellery
 b - a ring of fire
   (You found it on level 1 of the Dungeon)
 k - an amulet of the acrobat (around neck)
   (You found it on level 3 of the Dungeon)
Scrolls
 f - a scroll of fear
 h - 2 scrolls of vulnerability {!r}
 j - 3 scrolls of immolation {!r}
 m - 4 scrolls of teleportation {@r4}
 r - a scroll of fog
Potions
 d - a potion of might
 e - a potion of degeneration {!q}
 l - 4 potions of brilliance
 n - a potion of invisibility {unknown}
 o - 2 potions of curing {@q1}
 p - a potion of ambrosia
 q - a potion of attraction {!q}


   Skills:
 + Level 4.9 Fighting
 * Level 5.4 Axes
 + Level 5.0 Armour
 + Level 5.0 Shields
 + Level 2.3 Invocations


You had 5 spell levels left.
You didn't know any spells.
Your spell library contained the following spells:

 Spells                   Type           Power      Damage    Failure   Level
 Static Discharge         Conj/Air       0%         2-2/arc   99%         2
 Swiftness                Air            0%         N/A       100%        3
 Flame Wave               Conj/Fire      0%         2d4       100%        4
 Summon Forest            Summ/Tloc      0%         N/A       100%        5
 Summon Mana Viper        Hex/Summ       0%         N/A       100%        5
 Starburst                Conj/Fire      0%         6d3       100%        6
 Summon Cactus Giant      Summ           0%         N/A       100%        6


Dungeon Overview and Level Annotations

Branches:
Dungeon (5/15)             Temple (0/1) D:5

Altars:
Ashenzari
Elyvilon
Makhleb
Nemelex Xobeh
Sif Muna

Shops:
D:1 *[((   D:3 (


Innate Abilities, Weirdness & Mutations

You have a pair of horns on your head.
You reflexively headbutt those who attack you in melee.


Message History

You kill the orc priest!
You slash the orc!
You kill the orc!
You block the orc priest's attack.
You swap places.
DavidChitty2's illusion hits the orc priest!
The orc priest mumbles some strange prayers to Beogh against DavidChitty2's illusion.
DavidChitty2's illusion is smitten.
Items here: $ )) [.
You swap places.
DavidChitty2's illusion hits the orc priest!!
The orc priest dies!
A gnoll comes into view. It is wielding a +0 spear.
Your Shields skill increases to level 5!
Items here: ))) [[ ††.
A gnoll comes into view. It is wielding a +0 flail.
You see here a scroll of immolation {!r}.
Unknown command.
You see here a scroll of immolation {!r}.
DavidChitty2's illusion hits the gnoll.
You block the gnoll's attack.
DavidChitty2's illusion barely misses the gnoll.
The gnoll barely misses you.
You slash the gnoll!
DavidChitty2's illusion barely misses the gnoll.
The gnoll barely misses DavidChitty2's illusion.
The gnoll hits you but does no damage.
You slash the gnoll!
You kill the gnoll!
DavidChitty2's illusion shimmers and vanishes!
You closely miss the gnoll. You block the gnoll's attack.
You slash the gnoll! You headbutt the gnoll.
You kill the gnoll!
Your Armour skill increases to level 5!
j - 3 scrolls of immolation {!r} (gained 1)
(D) Dungeon (T) Temple
Where to? (Enter - D:5 @ (x,y), ? - help)
You hear the slow rusting of a distant drain.
An ogre comes into view. It is wielding a +0 giant club.
You hit the ogre. You block the ogre's attack.
You hit the ogre. You headbutt the ogre!
The ogre hits you with a +0 giant club.
* * * LOW HITPOINT WARNING * * *
You hit the ogre. You headbutt the ogre.
The ogre hits you with a +0 giant club!
* * * LOW HITPOINT WARNING * * *
You barely miss the ogre.
The ogre hits you with a +0 giant club!!
You die...
Your body disappears without a glow.

*,,,,,,***,,,,* **,,,,,,,,,,,
*,,,,,,,**..*** *,,,,,,,,,,,
*,,,,>,,**#.#* *,,,,,,,,,,,
*,,,,,,,,##..##* *,,,,,,,,,,,
*,,,,,,,,......#### *,,,,,,,,,,,
*,,,,,,,,.........####,,,,,,,,,,,
,,,,,,,,,............#*,**,,,,,..
,,,,,,,,,............#,,,#.......
***,,,,,,......O@....#,,,#.......
***,,,,,......##..###8_8#.......
**,,,,,,,..#####....#**###.......
,,,,,,,,,,,* #.....## #.........
,,,*,,,*,,,**##......###.........
,,,*,⌠,*,,,,,#.......##..........
,***,,,***,*,#...................
,,,,,,,,,,,#...........).........
,,⌠,,>,,⌠,,##...........)........


You could see an ogre.

Vanquished Creatures
  A phantom (D:4)
  A scorpion (D:4)
  A howler monkey (D:4)
  3 orc priests
  2 gnolls (D:5)
  4 adders
  3 worms
  3 dart slugs
  14 orcs
  3 ball pythons
  3 endoplasms
  5 giant cockroaches
  4 goblins
  4 hobgoblins
  6 jackals (D:4)
  7 quokkas
  7 bats
  3 frilled lizards
  5 kobolds
  10 rats
89 creatures vanquished.

Vanquished Creatures (collateral kills)
  An orc priest (D:5)
1 creature vanquished.

Vanquished Creatures (others)
  2 plants (D:3)
2 creatures vanquished.

Grand Total: 92 creatures vanquished

Notes
Turn   | Place    | Note
-------+----------+-------------------------------------------
     0 | D:1      | DavidChitty2 the Minotaur Fighter began the quest for the
                  | Orb.
     0 | D:1      | Reached XP level 1. HP: 19/19 MP: 0/0
   133 | D:1      | Found Faciut's Distillery.
   166 | D:1      | You fall into a shaft and drop 1 floor!
   193 | D:2      | Found a faded altar of an unknown god.
   199 | D:2      | Prayed at the altar of an unknown god.
   199 | D:2      | Became a worshipper of Nemelex Xobeh the Trickster
   199 | D:2      | Reached * piety under Nemelex Xobeh
   222 | D:1      | Reached XP level 2. HP: 27/27 MP: 1/1
   373 | D:1      | Found Kael's Weapon Emporium.
   411 | D:1      | Found Safis's General Store.
   428 | D:1      | Found Kaogig's Armour Shop.
   440 | D:1      | Found Zeuqow's Weapon Boutique.
   560 | D:2      | Received a gift from Nemelex Xobeh
   626 | D:2      | Reached XP level 3. HP: 29/33 MP: 2/2
  1082 | D:3      | Found a white marble altar of Elyvilon.
  1139 | D:3      | Reached XP level 4. HP: 36/40 MP: 3/3
  1173 | D:3      | Got Sif Muna's Omnibus of Blistering Feathers
  1390 | D:3      | Reached skill level 1 in Invocations
  1556 | D:3      | Reached XP level 5. HP: 42/46 MP: 4/4
  1691 | D:3      | Found Bottin's Antique Weapon Shop.
  1718 | D:4      | Found a broken altar of Ashenzari.
  1719 | D:4      | Found a burning altar of Makhleb.
  1813 | D:4      | Reached ** piety under Nemelex Xobeh
  1838 | D:4      | Found a shimmering blue altar of Sif Muna.
  1960 | D:4      | Identified a scroll of acquirement
  1960 | D:4      | Acquired the +0 pair of boots of Virtue {Slay+6}
  2175 | D:4      | Reached skill level 5 in Axes
  2175 | D:4      | Reached XP level 6. HP: 53/53 MP: 6/6
  2447 | D:5      | Entered Level 5 of the Dungeon
  2470 | D:5      | Reached skill level 5 in Shields
  2481 | D:5      | Reached skill level 5 in Armour
  2500 | D:5      | Mangled by an ogre

Illustrated notes

Levels and vault maps discovered:
D:1:      minmay_arrival_radiant_lines, layout_rooms, serial_shops, shop,
          nicolae_shop_pleasant_corner_grove, nicolae_shop_hallway_stairs,
          nicolae_shop_tiny_statue_garden, nicolae_shop_scrapyard,
          minmay_tetromino_s2
D:2:      layout_rooms, dreamdust_ecumenical_altar_angels_and_demons,
          dreamdust_princess_corridor, minmay_randomly_rotated_circles
D:3:      layout_basic, mainiacjoe_overflow_tiny_flanked, serial_shops,
          nicolae_shop_back_alley_shop
D:4:      layout_basic, kennysheep_little_box,
          chequers_temple_overflow_statue_of_worship
D:5:      layout_cave_pods, grunt_gozag_breadcrumbs,
          minmay_temple_entry_junction_2, gup_sewer_entry_glass

Skill      XL: |  1  2  3  4  5  6 |
---------------+-------------------+-----
Axes           | 3 4 5 |  5.4
Shields        | 4 5 |  5.0
Fighting       | 4 |  4.9
Armour         | 4 5 |  5.0
Invocations    | 1 2 |  2.3

Action                     |  1- 3 |  4- 6 || total
---------------------------+-------+-------++-------
  Melee: War axe           |    72 |    97 ||   169
         Headbutt          |     7 |    18 ||    25
 Invoke: Draw Destruction  |       |     1 ||     1
         Draw Summoning    |       |     1 ||     1
    Use: Scroll            |    10 |     6 ||    16
 Armour: Chain mail        |    42 |    39 ||    81
         Scale mail        |     1 |       ||     1
  Dodge: Dodged            |    20 |    45 ||    65
  Block: Buckler           |    11 |    20 ||    31

Table legend: (Time is in decaauts)
 A = Elapsed time spent in this place.
 B = Non-inter-level travel time spent in this place.
 C = Inter-level travel time spent in this place.
 D = Time resting spent in this place.
 E = Time spent auto-exploring this place.
 F = Levels seen in this place.
 G = Mean time per level.
                   A        B        C        D        E       F      G
               +--------+--------+--------+--------+--------+-----+--------+
         Total |   2556 |   2451 |    105 |      0 |   1842 |   5 |  511.2 |
       Dungeon |   2556 |   2451 |    105 |      0 |   1842 |   5 |  511.2 |
               +--------+--------+--------+--------+--------+-----+--------+

Top non-repeatable levels by time:
     D:4: 740 daAuts
     D:2: 634 daAuts
     D:3: 615 daAuts
     D:1: 509 daAuts
     D:5: 55 daAuts
